 Dungeon Crawl Stone Soup version 0.21-a0-509-gecc5317 (webtiles) character file.

101 slep the Chopper (level 4, -4/33 HPs)
             Began as a Demonspawn Gladiator on Nov 30, 2017.
             Killed by divine providence
             ... invoked by an orc priest
              (9 damage)
             ... on level 4 of the Dungeon.
             The game lasted 00:06:35 (2425 turns).

slep the Chopper (Demonspawn Gladiator)             Turns: 2425, Time: 00:06:36

Health: -4/33      AC:  5    Str: 15    XL:     4   Next: 48%
Magic:  4/4        EV: 13    Int: 10    God:
Gold:   35         SH:  0    Dex: 14    Spells: 3/3 levels left

rFire    . . .     SeeInvis .   a - +0 war axe
rCold    . . .     Gourm    .   (no shield)
rNeg     . . .     Faith    .   b - +0 leather armour
rPois    .         Spirit   .   c - +0 helmet
rElec    .         Reflect  .   (no cloak)
rCorr    .         Harm     .   (no gloves)
MR       .....                  w - +0 pair of boots
Stlth    +.........             (no amulet)
HPRegen  0.11/turn              r - ring of loudness (curse)
MPRegen  0.09/turn              y - ring of stealth

@: no status effects
A: claws 1, rot immunity
a: no special abilities


You were on level 4 of the Dungeon.
You were not hungry.

You visited 1 branch of the dungeon, and saw 4 of its levels.

You collected 35 gold pieces.

Inventory:

Hand Weapons
 a - a +0 war axe (weapon)
Missiles
 d - 3 throwing nets (quivered)
 n - 13 poisoned needles
Armour
 b - a +0 leather armour (worn)
 c - a +0 helmet (worn)
 j - a +0 chain mail
 w - a +0 pair of boots (worn)
Jewellery
 r - a cursed ring of loudness (left claw)
 u - an uncursed ring of see invisible
 x - an uncursed ring of protection from fire
 y - a ring of stealth (right claw)
Scrolls
 e - a scroll of blinking {unknown}
 k - 5 scrolls of identify {unknown}
 l - a scroll of teleportation {unknown}
 t - 2 scrolls of immolation {unknown}
Potions
 g - a potion of haste {unknown}
 h - 2 potions of curing
 o - a potion of might {unknown}
 p - a potion of mutation {unknown}
 s - a potion of lignification {unknown}
 z - a potion of heal wounds {unknown}
 A - a potion of cancellation {unknown}
Comestibles
 f - 2 bread rations
 i - 2 meat rations
 m - a fruit
 q - 2 royal jellies
 v - 3 chunks of flesh


   Skills:
 + Level 2.2 Fighting
 + Level 4.1 Axes
 + Level 2.1 Throwing
 + Level 0.3 Armour
 + Level 3.2 Dodging
 + Level 0.1 Stealth


You had 3 spell levels left.
You didn't know any spells.

Dungeon Overview and Level Annotations

Branches:
Dungeon (4/15)
 Temple: D:4-7

Altars:
Gozag
Nemelex Xobeh


Innate Abilities, Weirdness & Mutations

You have sharp fingernails.
You are immune to rotting.


Message History

You kill the orc!
You slash the orc wizard!
The orc priest mumbles some strange prayers to Beogh against you.
Beogh smites you!
* * * LOW HITPOINT WARNING * * *
The orc wizard misses you.
It was a potion of curing.
You feel better.
The orc priest calls upon Beogh to heal the orc.
The orc is healed somewhat.
The orc hits you with a hand axe. The orc wizard barely misses you.
You hit the orc priest.
The orc priest is lightly wounded.
You barely miss the orc. You hit the orc wizard. The orc priest misses you.
The orc wizard casts a spell at you. The puff of flame hits you!
* * * LOW HITPOINT WARNING * * *
The orc hits you but does no damage.
The orc priest invokes the aid of Beogh against you.
Beogh smites you!
You die...

. .. .#####.
..#.( ..#.#
###...###.#
#..........
#.#<..#
#..#.#
#.#.@o#
#.##oo.....#
# #.......#
........#
........#
.#.......#
.........#
#.#.......#


You could see an orc priest, an orc wizard and an orc.

Vanquished Creatures
  3 adders
  An ooze (D:1)
  A worm (D:2)
  2 leopard geckos
  3 orcs
  11 bats
  4 giant cockroaches
  7 hobgoblins
  9 jackals
  3 frilled lizards (D:2)
  7 goblins
  6 kobolds
  3 rats
60 creatures vanquished.

Notes
Turn   | Place    | Note
-------+----------+-------------------------------------------
     0 | D:1      | slep the Demonspawn Gladiator began the quest for the Orb.
     0 | D:1      | Reached XP level 1. HP: 16/16 MP: 1/1
   255 | D:1      | Reached skill level 3 in Axes
   255 | D:1      | Gained mutation: You have sharp fingernails. [demonic ancestry]
   255 | D:1      | Reached XP level 2. HP: 22/22 MP: 2/2
   907 | D:2      | Found a sparkling altar of Nemelex Xobeh.
   907 | D:2      | Found an opulent altar of Gozag.
  1028 | D:2      | Gained mutation: You are immune to rotting. [demonic ancestry]
  1028 | D:2      | Reached XP level 3. HP: 9/27 MP: 3/3
  1899 | D:3      | Reached XP level 4. HP: 33/33 MP: 4/4
  2031 | D:3      | Reached skill level 4 in Axes
  2425 | D:4      | Killed from afar by an orc priest

Vault maps used:
D:1:      scummos_arrival_star
D:2:      grunt_temple_overflow_opulence
D:3:      hangedman_feature_mirror, minivault_26
D:4:      serial_shops, shop, first_bread

Skill      XL: |  1  2  3  4 |
---------------+-------------+-----
Axes           | 3 4 |  4.1
Throwing       | 2 |  2.1
Dodging        | 3 |  3.2
Fighting       | |  2.2
Armour         | |  0.3
Stealth        | |  0.1

Action                   |  1- 3 |  4- 6 || total
-------------------------+-------+-------++-------
Melee: War axe           |   104 |    51 ||   155
  Use: Potion            |       |     1 ||     1
 Stab: Sleeping          |       |     1 ||     1
  Eat: Chunk             |     3 |     2 ||     5
Armor: Leather armour    |    45 |    19 ||    64
Dodge: Dodged            |    87 |    52 ||   139

Table legend:
 A = Spawn XP
 B = Non-spawn XP
 C = Spawn XP percentage of total XP
 D = Spawn monster count
 E = Non-spawn monster count
 F = Spawn count percentage of total count
 G = Total turns spent on level
                    A         B        C        D         E        F      G
               +---------+---------+-------+---------+---------+-------+---------
         Total |       0 |     145 |   0.0 |       0 |      60 |   0.0 |  2425
               +---------+---------+-------+---------+---------+-------+---------
           D:1 |       0 |      26 |   0.0 |       0 |      12 |   0.0 |   806
           D:2 |       0 |      57 |   0.0 |       0 |      20 |   0.0 |   911
           D:3 |       0 |      56 |   0.0 |       0 |      26 |   0.0 |   698
           D:4 |       0 |       6 |   0.0 |       0 |       2 |   0.0 |    10
               +---------+---------+-------+---------+---------+-------+---------
